 Dungeon Crawl Stone Soup version 0.22-a0-284-g99d1f74 (webtiles) character file.

333 Bebo the Shield-Bearer (level 6, 0/38 HPs)
             Began as a Gargoyle Fighter on Mar 20, 2018.
             Slain by Natasha (3 damage)
             ... on level 3 of the Dungeon.
             The game lasted 00:04:50 (1401 turns).

Bebo the Shield-Bearer (Gargoyle Fighter)           Turns: 1401, Time: 00:04:51

Health: 0/38       AC: 11    Str: 21    XL:     6   Next: 53%
Magic:  6/6        EV:  8    Int: 14    God:
Gold:   54         SH:  9    Dex:  9    Spells: 5/5 levels left

rFire    . . .     SeeInvis +   a - +0 long sword
rCold    . . .     Gourm    .   c - +0 shield
rNeg     + . .     Faith    .   b - +0 scale mail
rPois    ∞         Spirit   .   (no helmet)
rElec    +         Reflect  .   (no cloak)
rCorr    .         Harm     .   (no gloves)
MR       .....                  (no boots)
Stlth    ..........             (no amulet)
HPRegen  0.12/turn              h - ring of see invisible
MPRegen  0.10/turn              (no ring)

@: brilliant, hasted and slowed
A: negative energy resistance 1, electricity resistance, unbreathing,
petrification resistance, rot immunity, AC +4
a: no special abilities


You were on level 3 of the Dungeon.
You were not hungry.

You visited 1 branch of the dungeon, and saw 3 of its levels.

You collected 54 gold pieces.

Inventory:

Hand Weapons
 a - a +0 long sword (weapon)
Armour
 b - a +0 scale mail (worn)
 c - a +0 shield (worn)
Jewellery
 h - a ring of see invisible (left hand)
 i - a -2 ring of slaying
 m - an uncursed ring of fire
Wands
 k - a wand of acid (9)
Scrolls
 g - a scroll of magic mapping {unknown}
 j - a scroll of teleportation
 l - 4 scrolls of remove curse
 o - a scroll of enchant armour {unknown}
 q - a scroll of identify
Potions
 d - a potion of might
 e - a potion of haste
Comestibles
 f - 6 rations
 p - 5 chunks of flesh


   Skills:
 + Level 4.0 Fighting
 + Level 4.3 Long Blades
 + Level 4.1 Armour
 + Level 1.1 Dodging
 + Level 0.1 Stealth
 + Level 4.6 Shields
 + Level 0.1 Evocations


You had 5 spell levels left.
You didn't know any spells.

Dungeon Overview and Level Annotations

Branches:
Dungeon (3/15)

Altars:
Kikubaaqudgha
Nemelex Xobeh
Yredelemnul

Annotations:
D:3 Natasha


Innate Abilities, Weirdness & Mutations

You are resistant to torment.
Your stone body is resilient. (AC +4)
You are immune to poison.
You resist negative energy. (rN+)
You are resistant to electric shocks. (rElec)
You can survive without breathing.
You are immune to petrification.
You are immune to rotting.


Message History

Natasha casts a spell at you. The magic dart hits you! The white imp hits you.
The white imp freezes you.
* * * LOW HITPOINT WARNING * * *
You slash Natasha!
Natasha is heavily wounded.
The crimson imp hits you but does no damage.
Natasha stares at you and mumbles some strange words.
You feel yourself slow down. The white imp gestures at you.
The puff of frost hits you!
* * * LOW HITPOINT WARNING * * *
It was a potion of brilliance.
You feel clever all of a sudden. The crimson imp completely misses you.
Natasha claws you but does no damage. You block the white imp's attack.
As you read the scroll labeled TUEXKYABIU, it crumbles to dust.
It is a scroll of identify.
j - a scroll of teleportation You block the crimson imp's attack.
Natasha claws you.
You die...

#...# #.......#####
#...# ####.#...##
#...# #.....###.#
######...####.##.##
##.#
...............#.#
.#
...[.............#
..
...............##.#
### ####.5.####.##
.<. #..@# #... ...#
#.5h# #####.# #
#...# .# #...#
#...# ##.## #.. #.


You could see Natasha, a crimson imp and a white imp.

Vanquished Creatures
  The ghost of strifetoe the Slinger, an amateur HaHu (D:3)
  An ogre (D:2)
  Natasha (twice) (D:3)
  3 adders (D:2)
  2 oozes
  2 worms (D:2)
  2 leopard geckos
  3 orcs (D:3)
  6 goblins
  6 hobgoblins
  2 jackals (D:3)
  4 kobolds
  2 ball pythons (D:1)
  A bat (D:2)
  6 frilled lizards
  3 rats
46 creatures vanquished.

Notes
Turn   | Place    | Note
-------+----------+-------------------------------------------
     0 | D:1      | Bebo the Gargoyle Fighter began the quest for the Orb.
     0 | D:1      | Reached XP level 1. HP: 14/14 MP: 1/1
   299 | D:1      | Reached XP level 2. HP: 12/19 MP: 2/2
   690 | D:2      | Reached XP level 3. HP: 22/23 MP: 3/3
   710 | D:2      | Noticed an ogre
   720 | D:2      | Killed an ogre
   720 | D:2      | Reached XP level 4. HP: 29/29 MP: 4/4
   720 | D:2      | Reached XP level 5. HP: 33/33 MP: 5/5
   789 | D:2      | Found an ancient bone altar of Kikubaaqudgha.
   793 | D:2      | Found a sparkling altar of Nemelex Xobeh.
  1004 | D:2      | Found a basalt altar of Yredelemnul.
  1282 | D:3      | Noticed Natasha
  1295 | D:3      | Killed Natasha
  1299 | D:3      | Reached skill level 1 in Dodging
  1342 | D:3      | Noticed strifetoe's ghost (amateur HaHu)
  1366 | D:3      | Killed strifetoe's ghost
  1366 | D:3      | Reached XP level 6. HP: 32/38 MP: 6/6
  1368 | D:3      | Noticed Natasha
  1380 | D:3      | Killed Natasha
  1386 | D:3      | Noticed Natasha
  1401 | D:3      | Slain by Natasha

Vault maps used:
D:1:      dpeg_arrival_rooms_c, hangedman_feature_mirror
D:2:      yredelemnul_altar_generic, minitemple, minmay_liquid_box
D:3:      old_standard_altar, nicolae_overflow_hidden_temple, first_ration,
          uniq_natasha

Skill      XL: |  1  2  3  4  5 |
---------------+----------------+-----
Long Blades    | 2 3 4 |  4.3
Shields        | 4 |  4.6
Armour         | 4 |  4.1
Dodging        | 1 |  1.1
Fighting       | 4 |  4.0
Stealth        | |  0.1
Evocations     | |  0.1

Action                   |  1- 3 |  4- 6 || total
-------------------------+-------+-------++-------
Melee: Long sword        |    87 |   126 ||   213
Evoke: Wand              |     2 |     1 ||     3
  Use: Scroll            |     1 |     1 ||     2
       Potion            |       |     2 ||     2
  Eat: Chunk             |       |     2 ||     2
Armor: Scale mail        |    39 |    57 ||    96
Dodge: Dodged            |    17 |    30 ||    47
Block: Shield            |    41 |    60 ||   101
       Rpst.: Long sword |     4 |    11 ||    15

Table legend:
 A = Spawn XP
 B = Non-spawn XP
 C = Spawn XP percentage of total XP
 D = Spawn monster count
 E = Non-spawn monster count
 F = Spawn count percentage of total count
 G = Total turns spent on level
                    A         B        C        D         E        F      G
               +---------+---------+-------+---------+---------+-------+---------
         Total |       0 |     477 |   0.0 |       0 |      46 |   0.0 |  1401
               +---------+---------+-------+---------+---------+-------+---------
           D:1 |       0 |      33 |   0.0 |       0 |      18 |   0.0 |   666
           D:2 |       0 |     195 |   0.0 |       0 |      20 |   0.0 |   616
           D:3 |       0 |     249 |   0.0 |       0 |       8 |   0.0 |   119
               +---------+---------+-------+---------+---------+-------+---------
